 Dungeon Crawl Stone Soup version 0.28.0-43-g3370ac3207 (webtiles) character file.

Game seed: 6385459753721891397

19887 sizableburger the Nimble (level 13, 0/90 HPs)
             Began as a Djinni Hunter on Mar 17, 2022.
             Was an Elder of Zin.
             Slain by a water moccasin (4 damage)
             ... on level 5 of the Lair of Beasts.
             The game lasted 01:02:13 (22809 turns).

sizableburger the Nimble (Djinni Hunter)           Turns: 22809, Time: 01:02:14

Health: 0/90       AC:  8    Str: 17    XL:     13   Next: 8%
Gold:   486        EV: 18    Int: 18    God:    Zin [****..] SH:  5 Dex: 23

rFire   + + +      SeeInvis +   k - +2 whip of Bright Resourcefulness {vorpal, rF+ rC+}
rCold   . . .      Faith    .   (no shield)
rNeg    . . .      Spirit   .   h - +1 ring mail "Syopucs" {Str+6}
rPois   ∞          Reflect  +   (no helmet)
rElec   .          Harm     .   g - +1 cloak
rCorr   .          Rampage  .   (no gloves)
Will    +....                   (boots unavailable)
Stlth   +.........              q - amulet of reflection
HPRegen 0.25/turn               n - ring of see invisible
MPRegen 0.00/turn               v - ring "Fuowaec" {rPois MP+9 Int+3 Dex+6}

@: flying, invisible
A: sickness immunity, fire resistance 2, cold vulnerability 1, float, innate
caster, HP casting, extra vitality 1
a: Renounce Religion, Recite, Vitalisation, Imprison, Donate Gold


You were on level 5 of the Lair of Beasts.
You worshipped Zin.
Zin was greatly pleased with you.
You visited 3 branches of the dungeon, and saw 15 of its levels.
You also visited: Bailey and Ice Cave.

You collected 721 gold pieces.
You donated 235 gold pieces to Zin.

Inventory:

Hand Weapons
 a - a +2 hand crossbow of venom
 k - the +2 whip of Bright Resourcefulness (weapon) {vorpal, rF+ rC+}
   (You took it off a goblin on level 2 of the Dungeon)

   It inflicts extra damage upon your enemies.
   rF:        It protects you from fire.
   rC:        It protects you from cold.
 u - a +1 morningstar of venom
Missiles
 d - 31 bolts
 p - 6 throwing nets (quivered)
Armour
 g - a +1 cloak (worn)
 h - the +1 ring mail "Syopucs" (worn) {Str+6}
   (You found it on level 8 of the Dungeon)

   Str:       It affects your strength (+6).
 o - an orb of light
Jewellery
 b - an amulet of the acrobat
 l - a ring of willpower
 n - a ring of see invisible (left hand)
 q - an amulet of reflection (around neck)
 r - an amulet of faith
 s - the amulet of Sin {RegenMP rF+ rC+ Slay+4}
   (You took it off an orc on level 8 of the Dungeon)

   [amulet of magic regeneration]

   It increases your rate of magic regeneration.
   Slay:      It affects your accuracy & damage with ranged weapons and melee
   (+4).
   rF:        It protects you from fire.
   rC:        It protects you from cold.
 v - the ring "Fuowaec" (right hand) {rPois MP+9 Int+3 Dex+6}
   (You took it off a gnoll shaman in a bailey)

   [ring of dexterity]

   Int:       It affects your intelligence (+3).
   Dex:       It affects your dexterity (+6).
   rPois:     It protects you from poison.
   MP:        It affects your magic capacity (+9).
 A - a ring of protection from cold
 F - a ring of positive energy
Wands
 x - a wand of paralysis (7)
 D - a wand of acid (6)
 E - a wand of flame (15)
Scrolls
 i - 3 scrolls of fog
 j - 5 scrolls of vulnerability
 m - a scroll of noise
 t - 2 scrolls of holy word
 B - a scroll of identify
Potions
 e - 5 potions of attraction
 f - a potion of resistance
 z - a potion of brilliance
 C - a potion of might
 G - a potion of cancellation


   Skills:
 + Level 7.5 Fighting
 - Level 0.9 Short Blades
 - Level 4.6 Maces & Flails
 - Level 10.0 Crossbows
 - Level 10.0 Dodging
 - Level 0.7 Stealth
 + Level 7.5 Spellcasting
 + Level 7.2 Invocations


You had 7 spell levels left.
You knew the following spells:

 Your Spells              Type           Power      Damage    Failure   Level
a - Slow                  Hex            100%       N/A       1%          1
b - Corpse Rot            Necr/Air       68%        N/A       1%          2
c - Swiftness             Air            34%        N/A       2%          3
d - Sticky Flame          Conj/Fire      34%        2d5       9%          4
e - Alistair's Intoxicat  Tmut/Pois      22%        N/A       24%         5
f - Manifold Assault      Tloc           34%        N/A       24%         5
Your spell library was empty.

Dungeon Overview and Level Annotations

Branches:
Dungeon (9/15)             Temple (1/1) D:5            Lair (4/6) D:9
  Swamp (0/4) Lair:2       Bailey (visited)           IceCv (visited)
  Snake: Lair:2-4    Spider: Lair:2-4       Orc: D:9-12

Altars:
Ashenzari
Cheibriados
Dithmenos
Elyvilon
Fedhas
Gozag
Hepliaklqana
Kikubaaqudgha
Makhleb
Nemelex Xobeh
Okawaru
Qazlal
Ru
Sif Muna
Trog
Uskayaw
Vehumet
Wu Jian
Xom
Yredelemnul
Zin
The Shining One

Shops:
D:1 (   D:2 **(   D:3 *

Annotations:
Lair:2 2 transporters


Innate Abilities, Weirdness & Mutations

You are immune to sickness and miasma.
You are immune to poison.
Your flesh is very heat resistant. (rF++)
You are vulnerable to cold. (rC-)
You float through the air rather than walking.
You learn spells naturally, not from books.
Your magical power is your life essence.
You have superior vitality. (+4 MHP)


Message History

You hit the fungus.
The fungus is lightly damaged.
You block the black mamba's attack. The bullfrog barely misses you.
The black mamba barely misses you. The yak closely misses you.
The black mamba misses you. The bullfrog misses you.
You start removing your armour.
You continue taking off your orb of light.
You block the black mamba's attack.
Keep disrobing?
The bullfrog misses you. The black mamba barely misses you.
The bullfrog misses you.
You continue taking off your orb of light.
A nearby fungus withers and dies.
The black mamba misses you. The water moccasin misses you.
The bullfrog hits you but does no damage.
The yak misses you. You block the black mamba's attack.
You continue taking off your orb of light.
The bullfrog barely misses you. You block the water moccasin's attack.
The black mamba barely misses you. The yak completely misses you.
The bullfrog completely misses you. The water moccasin bites you.
The black mamba misses you.
You continue taking off your orb of light.
The black mamba bites you!
* * * LOW HITPOINT WARNING * * *
The bullfrog barely misses you. The yak gores you but does no damage.
The water moccasin bites you!
* * * LOW HITPOINT WARNING * * *
The black mamba bites you!
* * * LOW HITPOINT WARNING * * *
You finish taking off your orb of light.
Okay, then.
The bullfrog closely misses you.
You fade into invisibility!
The bullfrog barely misses you. The yak barely misses you.
You block the yak's attack. The bullfrog hits you.
* * * LOW HITPOINT WARNING * * *
The water moccasin barely misses you. The water moccasin bites you.
You die...

## ##### #########
##.###...###.#.F@..##
............YYYS........
.............SS.........
..#P...$.##Y..l.........
...P........F..........#
............P...........
........Y.Y..P..#.......
.....#......P....#P.....
.....................


You could see 2 death yaks, a black mamba, 3 yaks, 2 water moccasins, a wyvern
and 2 bullfrogs.

Vanquished Creatures
  Harold (D:7)
  2 catoblepae (Lair:1)
  A hydra (Lair:2)
  A centaur warrior (D:8)
  3 death yaks (IceCv)
  A black mamba (D:9)
  7 cane toads
  An unseen horror (D:7)
  2 komodo dragons
  6 polar bears
  5 blink frogs (Lair:1)
  20 yaks
  A wyvern (D:8)
  2 basilisks (Lair:1)
  2 vampire mosquitoes (D:9)
  2 water moccasins
  2 ice beasts
  3 orc warriors
  A black bear (D:6)
  An ogre (D:5)
  A necrophage (D:7)
  25 wolves
  A centaur (D:8)
  A phantom (D:3)
  11 bullfrogs
  10 gnoll sergeants
  A wyvern skeleton (D:7)
  17 killer bees
  4 wights (D:8)
  3 electric eels
  A centaur zombie (D:8)
  2 bullfrog zombies (D:5)
  A centaur skeleton (D:5)
  6 gnoll shamans (Bailey)
  3 hounds
  3 orc priests
  10 orc wizards
  A hound skeleton (D:5)
  16 gnolls
  A howler monkey zombie (D:8)
  A howler monkey skeleton (D:6)
  5 adders
  2 white imps
  An ufetubus (D:5)
  An adder skeleton (D:4)
  An adder zombie (D:5)
  3 dart slugs
  29 orcs
  6 endoplasms
  2 giant cockroaches (D:1)
  9 hobgoblins
  5 jackals (D:2)
  4 quokkas (D:2)
  6 ball pythons
  2 bats
  A frilled lizard (D:2)
  8 goblins
  10 kobolds
  2 rats
280 creatures vanquished.

Vanquished Creatures (others)
  2 wolves (Lair:1)
  16 fungi
  40 plants
58 creatures vanquished.

Grand Total: 338 creatures vanquished

Notes
Turn   | Place    | Note
-------+----------+-------------------------------------------
     0 | D:1      | sizableburger the Djinni Hunter began the quest for the
                  | Orb.
     0 | D:1      | Reached XP level 1. HP: 18/18 MP: 0/0
    58 | D:1      | Reached XP level 2. HP: 23/23 MP: 0/0
    95 | D:1      | Found a faded altar of an unknown god.
   286 | D:1      | Found Bagheliwn's Weapon Shoppe.
   799 | D:1      | Reached XP level 3. HP: 26/29 MP: 0/0
   799 | D:1      | Learned a level 1 spell: Slow
  1262 | D:2      | Found Cesyvev's Weapon Shop.
  1306 | D:2      | Identified the +2 whip of Bright Resourcefulness {vorpal,
                  | rF+ rC+}
  1674 | D:2      | Found Vuqugag's Assorted Antiques.
  1983 | D:2      | Reached XP level 4. HP: 34/34 MP: 0/0
  2083 | D:2      | Found Erieluem's General Store.
  2655 | D:3      | Found Kazej's General Store.
  3152 | D:4      | Noticed a phantom
  3164 | D:3      | Killed a phantom
  3165 | D:3      | Reached skill level 1 in Maces & Flails
  3165 | D:3      | Reached XP level 5. HP: 19/40 MP: 0/0
  3165 | D:3      | Learned a level 2 spell: Corpse Rot
  3463 | D:4      | Noticed a bullfrog
  3473 | D:4      | Killed a bullfrog
  3474 | D:4      | Reached XP level 6. HP: 24/46 MP: 0/0
  3640 | D:4      | Reached skill level 1 in Spellcasting
  3682 | D:4      | Found a broken altar of Ashenzari.
  4162 | D:5      | Entered Level 5 of the Dungeon
  4237 | D:6      | Reached XP level 7. HP: 39/50 MP: 0/0
  4237 | D:6      | Learned a level 3 spell: Swiftness
  4738 | D:5      | Reached skill level 5 in Crossbows
  4753 | D:5      | Identified the +10 hand axe "Vialeuse" {chaos, rN+ Will+
                  | Dex+5}
  4903 | D:5      | Reached XP level 8. HP: 37/56 MP: 0/0
  5188 | D:5      | Found a staircase to the Ecumenical Temple.
  5197 | Temple   | Entered the Ecumenical Temple
  5433 | Temple   | Became a worshipper of Zin the Law-Giver
  5433 | Temple   | Reached * piety under Zin
  6317 | D:6      | Reached ** piety under Zin
  6815 | D:6      | Found a stormy altar of Qazlal.
  6917 | D:7      | Noticed an unseen horror
  6932 | D:7      | Killed an unseen horror
  7145 | D:7      | Noticed Harold
  7160 | D:7      | Killed Harold
  7161 | D:7      | Reached skill level 5 in Dodging
  7161 | D:7      | Reached XP level 9. HP: 61/61 MP: 0/0
  7161 | D:7      | Learned a level 4 spell: Sticky Flame
  7697 | D:7      | Found a white marble altar of Elyvilon.
  7697 | D:7      | Found a hazy altar of Hepliaklqana.
  8822 | D:8      | Identified the +1 ring mail "Syopucs" {Str+6}
  8969 | D:8      | Reached skill level 5 in Invocations
  9028 | D:8      | Reached XP level 10. HP: 67/67 MP: 0/0
  9307 | D:8      | Found a flagged portal.
  9323 | Bailey   | Entered a bailey
 10427 | Bailey   | Identified the ring "Fuowaec" {rPois MP+9 Int+3 Dex+6}
 11937 | D:8      | Noticed an eight-headed hydra
 11940 | D:8      | Noticed a death knight
 11950 | D:8      | Identified the amulet of Sin {RegenMP rF+ rC+ Slay+4}
 11957 | D:8      | Noticed a cyclops
 11959 | D:8      | Noticed an unseen horror
 12083 | D:8      | Reached skill level 5 in Fighting
 12127 | D:8      | Reached XP level 11. HP: 64/75 MP: 0/0
 12127 | D:8      | Learned a level 5 spell: Alistair's Intoxication
 12131 | D:8      | Noticed a centaur warrior
 12339 | D:8      | Killed a centaur warrior
 12975 | D:9      | Reached skill level 5 in Spellcasting
 13593 | D:9      | Found a staircase to the Lair.
 14281 | Lair:1   | Entered Level 1 of the Lair of Beasts
 14284 | D:9      | Donated 163 gold pieces to Zin
 15618 | Lair:1   | Noticed a catoblepas
 15635 | Lair:1   | Killed a catoblepas
 16669 | Lair:1   | Reached XP level 12. HP: 52/83 MP: 0/0
 17025 | Lair:1   | Reached *** piety under Zin
 17548 | Lair:2   | Noticed a catoblepas
 17564 | Lair:1   | Killed a catoblepas
 17965 | Lair:2   | Reached skill level 10 in Dodging
 18478 | Lair:2   | Noticed a six-headed hydra
 18498 | Lair:2   | Killed a six-headed hydra
 19858 | Lair:2   | Found a staircase to the Swamp.
 19877 | Lair:2   | Reached **** piety under Zin
 19970 | Lair:2   | Found a transporter.
 19971 | Lair:2   | Noticed a boulder beetle
 19972 | Lair:2   | Found a transporter.
 19972 | Lair:2   | Noticed a boulder beetle
 20598 | Lair:3   | Found a frozen archway.
 20607 | IceCv    | Entered an ice cave
 21369 | IceCv    | Noticed a death yak
 21369 | IceCv    | Noticed a death yak
 21369 | IceCv    | Noticed a death yak
 21395 | IceCv    | Killed a death yak
 21408 | IceCv    | Killed a death yak
 21418 | IceCv    | Killed a death yak
 21419 | IceCv    | Reached XP level 13. HP: 53/90 MP: 0/0
 21419 | IceCv    | Learned a level 5 spell: Manifold Assault
 21601 | IceCv    | Noticed an ironbound frostheart
 22496 | Lair:3   | Reached skill level 10 in Crossbows
 22733 | Lair:4   | You are sucked into a shaft and drop 1 floor!
 22808 | Lair:5   | HP: 3/90 [bullfrog (2)]
 22809 | Lair:5   | Slain by a water moccasin

Illustrated notes

Levels and vault maps discovered:
D:1:      minmay_arrival_checkered_box, layout_rooms,
          hellmonk_ecumenical_altar_zigzags, serial_shops,
          nicolae_shop_bloodbath_and_beyond, kennysheep_decorative_pillar,
          minmay_hedge_maze, minmay_fountain_box
D:2:      wad_woods_tower, layout_basic, serial_shops, shop, shop,
          shop_fountains
D:3:      layout_rooms, serial_shops, shop_fountains
D:4:      layout_rooms, lemuel_round_altar, serial_park_tiny_1
D:5:      layout_cave_pools, minmay_temple_entry_poolview,
          grunt_decor_resistance, nicolae_zen_rock_garden,
          minmay_a_box_with_orc_wizards_in_it
D:6:      layout_cave_pods, lemuel_coloured_pillars_altar,
          lightli_ossuary_entry_decrepit_ruins, kennysheep_another_room,
          hangedman_decor_riveting
D:7:      layout_basic, gammafunk_temple_overflow_statue, hex_intersection,
          uniq_harold
D:8:      minmay_the_grid_square_5x5_3x3
          [minmay_the_grid_square_5x5_two_walls_b,
          minmay_the_grid_square_5x5_bridge,
          minmay_the_grid_square_5x5_almost_minimal,
          minmay_the_grid_square_5x5_beaten_path,
          minmay_the_grid_square_5x5_megaprize_checkered,
          minmay_the_grid_square_5x5_checkered_sparse,
          minmay_the_grid_square_5x5_hollow_slash,
          minmay_the_grid_square_5x5_inner_v,
          minmay_the_grid_square_5x5_half_checkered], layout_loops_ring,
          enter_bailey_4
D:9:      layout_irregular_city, lair_entry_dummy, statue_in_the_mist_lemuel
Temple:   dpeg_five_rooms_temple
Lair:1:   beast_lair_carwin_large_2, layout_cellular_growth,
          chequers_serial_rivers_room_a, st_stairs_10,
          chequers_serial_rivers_micro_a, lemuel_old_faithful,
          infiniplex_staircase_pool
Lair:2:   gammafunk_boulding_lane, layout_loops_ring, minmay_swamp_entry_eels,
          serial_rivers, chequers_serial_rivers_room_b,
          chequers_serial_rivers_large_b, chequers_serial_rivers_room_a,
          chequers_serial_rivers_micro_b, chequers_serial_rivers_marsh,
          st_stairs_3
Lair:3:   layout_cave_pods, portal_ice_cave_entry_pillars_1, ldierk_geyser
Lair:4:   layout_hall_layers, spider_nest_entry_rubble, grunt_megastairs_3
Lair:5:   layout_long_grid, minmay_slime_entry_oklob_enclosed,
          serial_bayou_pond_d, fungi_pond_lemuel, lemuel_fruit_tree,
          lemuel_fruit_fields

Skill      XL: |  1  2  3  4  5  6  7  8  9 10 11 12 13 |
---------------+----------------------------------------+-----
Fighting       | 3 5 6 7 |  7.5
Maces & Flails | 1 2 3 4 |  4.6
Crossbows      | 4 5 6 7 8 9 10 | 10.0
Spellcasting   | 1 2 3 4 6 7 |  7.5
Dodging        | 5 7 9 10 | 10.0
Invocations    | 3 5 7 |  7.2
Short Blades   | |  0.9
Stealth        | |  0.7

Action                   |  1- 3 |  4- 6 |  7- 9 | 10-12 | 13-15 || total
-------------------------+-------+-------+-------+-------+-------++-------
Melee: Short sword       |    65 |       |       |       |       ||    65
       Whip              |     3 |    74 |   233 |   430 |    14 ||   754
       Punch             |     1 |       |       |       |       ||     1
 Fire: Hand crossbow     |    44 |    30 |    41 |   280 |     9 ||   404
Throw: Throwing net      |       |       |       |     4 |       ||     4
 Cast: Slow              |       |       |     5 |     1 |       ||     6
       Swiftness         |       |       |     1 |     1 |       ||     2
       Sticky Flame      |       |       |       |    48 |     2 ||    50
Invok: Recite            |       |       |     3 |     5 |       ||     8
       Vitalisation      |       |       |     2 |     4 |       ||     6
       Donate Gold       |       |       |       |     1 |       ||     1
  Use: Scroll            |     1 |    11 |    10 |     3 |     7 ||    32
       Potion            |       |       |     1 |    10 |     1 ||    12
 Stab: Held in net/web   |       |       |       |     4 |       ||     4
Armor: Leather armour    |    29 |    15 |    45 |       |       ||    89
       Ring mail         |       |       |     5 |   152 |    20 ||   177
Dodge: Dodged            |    75 |    56 |   129 |   584 |    83 ||   927
Block: Orb               |       |     4 |    44 |   203 |    18 ||   269
       Reflection        |       |     1 |     2 |     3 |       ||     6
       Other             |       |       |       |       |     1 ||     1
